Icehogs vs Atomiques
Created - 21 janvier 2013 at 19:05
Goals
|
| Icehogs |
2 |
1 |
0 |
3 |
| Atomiques |
2 |
4 |
2 |
8 |
|
Shots
|
| Icehogs |
13 |
15 |
14 |
42 |
| Atomiques |
15 |
15 |
18 |
48 |
|
1st period
1. Icehogs , Chris Mueller 5 (Mark Popovic, Travis Moen) at 0:36
2. Atomiques , Nick Johnson 8 (Shawn Belle, Jonathan Girard) at 1:28
3. Atomiques , Denis Hamel 13 (Phil Kessel, John Zeiler) at 2:43
4. Icehogs , Barry Tallackson 13 (Jaroslav Spacek) at 19:54
Penalties :
Matt Hunwick (Roc) for Interference (Minor) at 3:36, Ville Nieminen (Roc) for Slashing (Minor) at 7:40, B.J. Crombeen (Roc) for Holding (Minor) at 11:39
2nd period
5. Atomiques , Boyd Gordon 14 (Kyle Okposo) at 0:42
6. Icehogs , Patrik Berglund 9 (B.J. Crombeen, Niklas Hagman) at 1:54
7. Atomiques , Pat Rissmiller 12 (Mattias Ohlund, Wes O'Neill) at 5:06
8. Atomiques , John Zeiler 20 (Kenndal McArdle, Jonathan Girard) at 14:57
9. Atomiques , Nick Johnson 9 (Mattias Ohlund, Wes O'Neill) at 15:52
Penalties :
Niklas Hagman (Roc) for Boarding (Minor) at 5:11, Jonathan Girard (STB) for Tripping (Minor) at 9:43, Shawn Belle (STB) for High sticking (Minor) at 17:09, Ryan Parent (Roc) for Hooking (Minor) at 17:09
3rd period
10. Atomiques , John Zeiler 21 (Mattias Ohlund, Wes O'Neill) at 7:42
11. Atomiques , Carl Hagelin 2 (Kyle Turris, Shawn Belle) at 9:00
Penalties :
Phil Kessel (STB) for Hooking (Minor) at 0:16, Boyd Gordon (STB) for Roughing (Minor) at 5:58, Dylan Hunter (Roc) for Holding (Minor) at 5:58, Phil Kessel (STB) for High sticking (Minor) at 9:01, Niklas Hagman (Roc) for Holding (Minor) at 9:01
Goalie Stats
José Theodore (Roc), 18 saves from 23 shots - (0,783), L, 12-10-1, 34:57 minutes
Maxime Ouellet (Roc), 22 saves from 25 shots - (0,880), 25:03 minutes
Semyon Varlamov (STB), 39 saves from 42 shots - (0,929), W, 6-7-0, 60:00 minutes
Players Stats for Icehogs
Player Name G A P +/- PIM S H SB GA TA FO MP PP MP PK MP
------------------------------------------------------------------------------------
B.J. Crombeen 0 1 1 -1 2 6 3 0 0 1 5/13 22:45 2:07 3:15
Barry Tallackson 1 0 1 -2 0 2 1 1 0 0 0/0 18:48 1:45 2:22
Chris Mueller 1 0 1 -1 0 2 2 0 0 0 3/8 9:01 0:00 0:00
Dan Bertram 0 0 0 -1 0 0 0 0 0 0 0/0 5:01 0:00 0:00
Dylan Hunter 0 0 0 -1 2 3 1 0 0 1 0/1 10:11 0:00 3:06
Jaroslav Spacek 0 1 1 1 0 7 1 3 0 2 0/0 28:35 2:01 4:50
Joakim Andersson 0 0 0 -1 0 0 1 0 0 0 5/6 5:01 0:00 0:00
Josh Hennessy 0 0 0 -2 0 0 1 1 0 0 12/20 17:45 2:07 1:40
Logan Stephenson 0 0 0 0 0 1 0 0 0 0 0/0 9:43 0:00 0:39
Mark Popovic 0 1 1 -6 0 0 0 1 0 1 0/0 22:55 1:57 3:26
Matt Hunwick 0 0 0 -6 2 0 0 7 0 0 0/0 21:55 1:57 2:27
Milan Jurcina 0 0 0 0 0 0 0 0 0 0 0/0 10:41 0:00 0:00
Niklas Hagman 0 1 1 -1 4 3 2 0 0 0 1/2 21:46 2:13 3:07
Patrik Berglund 1 0 1 0 0 2 0 1 0 3 9/25 15:10 1:45 0:11
Ryan Parent 0 0 0 1 2 3 3 4 1 1 0/0 26:50 2:01 4:30
Ryan Shannon 0 0 0 -1 0 4 0 0 0 0 0/0 10:26 0:06 0:00
Travis Moen 0 1 1 -1 0 2 0 0 0 0 1/1 11:26 0:06 0:35
Ville Nieminen 0 0 0 -2 2 7 0 0 2 1 0/1 18:01 1:45 1:36
Players Stats for Atomiques
Player Name G A P +/- PIM S H SB GA TA FO MP PP MP PK MP
------------------------------------------------------------------------------------
Boyd Gordon 1 0 1 0 2 5 2 0 1 0 6/11 18:09 3:35 1:16
Brandon Dubinsky 0 0 0 0 0 1 1 0 0 1 22/43 23:11 4:18 1:58
Brendon Nash 0 0 0 1 0 2 1 0 0 0 0/0 10:18 0:00 0:00
Brett Sutter 0 0 0 1 0 2 0 0 0 0 4/7 11:01 0:00 1:20
Carl Hagelin 1 0 1 3 0 1 0 0 0 0 0/0 6:38 0:00 0:00
Casey Borer 0 0 0 1 0 1 0 2 0 0 0/0 10:12 0:00 0:51
Denis Hamel 1 0 1 0 0 5 1 0 3 0 0/1 19:06 4:18 1:16
John Zeiler 2 1 3 2 0 3 1 0 2 0 1/1 12:35 0:03 0:32
Jonathan Girard 0 2 2 2 2 1 0 1 0 2 0/0 19:45 2:57 0:44
Kenndal McArdle 0 1 1 1 0 2 3 0 0 0 0/0 11:09 0:03 0:38
Kyle Okposo 0 1 1 1 0 0 5 0 0 0 2/4 16:51 3:35 0:00
Kyle Turris 0 1 1 3 0 3 0 0 0 0 5/8 6:38 0:00 0:00
Mattias Ohlund 0 3 3 2 0 6 1 1 2 0 0/0 30:02 4:59 2:23
Nick Johnson 2 0 2 3 0 5 1 0 0 0 0/0 8:16 0:03 0:00
Pat Rissmiller 1 0 1 0 0 3 3 0 1 0 0/0 14:57 3:35 0:00
Phil Kessel 0 1 1 0 4 4 2 0 0 0 1/2 21:04 4:18 0:56
Shawn Belle 0 2 2 2 2 3 4 1 1 0 0/0 20:06 2:57 1:35
Wes O'Neill 0 3 3 2 0 1 3 2 0 0 0/0 30:02 4:59 2:23
3 Stars
1 - John Zeiler (STB)
2 - Nick Johnson (STB)
3 - Wes O'Neill (STB)
Power Play
Icehogs - 0 on 2 Attempt(s) - 0,00%
Atomiques - 0 on 4 Attempt(s) - 0,00%
Penalty Kill
Icehogs - 4 on 4 Attempt(s) - 100,00%
- Score 0 goal in Penalty Kill
Atomiques - 2 on 2 Attempt(s) - 100,00%
- Score 0 goal in Penalty Kill
Official
Referees : O'Rourke Dan and Kozari Steve
Linesman : Scott Driscoll and Thor Nelson
Game Notes
Maxime Ouellet enters game at 14:57 of 2nd period
Icehogs
5 vs 5 Forward
Center Left Wing Right Wing Time % Phy DF OF
1 Patrik Berglund Niklas Hagman B.J. Crombeen 40 1 2 2
2 Josh Hennessy Ville Nieminen Barry Tallackson 30 1 2 2
3 Chris Mueller Travis Moen Ryan Shannon 20 1 2 2
4 Joakim Andersson Dylan Hunter Dan Bertram 10 1 2 2
5 vs 5 Defense
Defense Defense Time % Phy DF OF
1 Jaroslav Spacek Ryan Parent 40 1 2 2
2 Matt Hunwick Mark Popovic 30 1 2 2
3 Milan Jurcina Logan Stephenson 20 1 2 2
4 Jaroslav Spacek Ryan Parent 10 1 2 2
PowerPlay Forward
Center Left Wing Right Wing Time % Phy DF OF
1 Josh Hennessy Niklas Hagman B.J. Crombeen 60 1 2 2
2 Patrik Berglund Ville Nieminen Barry Tallackson 40 1 2 2
PowerPlay Defense
Defense Defense Time % Phy DF OF
1 Jaroslav Spacek Ryan Parent 60 1 2 2
2 Matt Hunwick Mark Popovic 40 1 2 2
Penalty Kill 4 Players Forward
Center Wing Time % Phy DF OF
1 B.J. Crombeen Niklas Hagman 60 1 2 2
2 Ville Nieminen Barry Tallackson 40 1 2 2
Penalty Kill 4 Players Defense
Defense Defense Time % Phy DF OF
1 Jaroslav Spacek Ryan Parent 60 1 2 2
2 Matt Hunwick Mark Popovic 40 1 2 2
Penalty Kill - 3 Players Forward
Forward Time % Phy DF OF
1 B.J. Crombeen 60 1 2 2
2 Niklas Hagman 40 1 2 2
Penalty Kill - 3 Players Defense
Defense Defense Time % Phy DF OF
1 Jaroslav Spacek Ryan Parent 60 1 2 2
2 Matt Hunwick Mark Popovic 40 1 2 2
4 vs 4 Forward
Center Wing Time % Phy DF OF
1 B.J. Crombeen Niklas Hagman 60 1 2 2
2 Ville Nieminen Barry Tallackson 40 1 2 2
4 vs 4 Defense
Defense Defense Time % Phy DF OF
1 Jaroslav Spacek Ryan Parent 60 1 2 2
2 Matt Hunwick Mark Popovic 40 1 2 2
Last Minutes Offensive
Center Left Wing Right Wing Defense Defense
Josh Hennessy Niklas Hagman B.J. Crombeen Jaroslav Spacek Ryan Parent
Last Minutes Defensive
Center Left Wing Right Wing Defense Defense
Josh Hennessy Niklas Hagman B.J. Crombeen Jaroslav Spacek Ryan Parent
Goaltenders
Starting : José Theodore
Backup : Maxime Ouellet
Extra Forwards
Normal : Ryan Shannon, Travis Moen, Dylan Hunter - PP : Ryan Shannon, Travis Moen - PK : Dylan Hunter
Extra Defensemen
Normal : Milan Jurcina, Logan Stephenson, Matt Hunwick - PP : Milan Jurcina - PK : Logan Stephenson, Matt Hunwick
Penalty Shots
B.J. Crombeen, Niklas Hagman, Ville Nieminen, Barry Tallackson, Josh Hennessy
Atomiques
5 vs 5 Forward
Center Left Wing Right Wing Time % Phy DF OF
1 Brandon Dubinsky Denis Hamel Phil Kessel 40 1 2 2
2 Boyd Gordon Pat Rissmiller Kyle Okposo 30 1 2 2
3 Brett Sutter Kenndal McArdle John Zeiler 20 1 2 2
4 Kyle Turris Carl Hagelin Nick Johnson 10 1 2 2
5 vs 5 Defense
Defense Defense Time % Phy DF OF
1 Wes O'Neill Mattias Ohlund 40 1 2 2
2 Shawn Belle Jonathan Girard 30 1 2 2
3 Brendon Nash Casey Borer 20 1 2 2
4 Wes O'Neill Mattias Ohlund 10 1 2 2
PowerPlay Forward
Center Left Wing Right Wing Time % Phy DF OF
1 Brandon Dubinsky Denis Hamel Phil Kessel 60 1 2 2
2 Boyd Gordon Pat Rissmiller Kyle Okposo 40 1 2 2
PowerPlay Defense
Defense Defense Time % Phy DF OF
1 Wes O'Neill Mattias Ohlund 60 1 2 2
2 Shawn Belle Jonathan Girard 40 1 2 2
Penalty Kill 4 Players Forward
Center Wing Time % Phy DF OF
1 Brandon Dubinsky Phil Kessel 60 1 2 2
2 Boyd Gordon John Zeiler 40 1 2 2
Penalty Kill 4 Players Defense
Defense Defense Time % Phy DF OF
1 Wes O'Neill Mattias Ohlund 60 1 2 2
2 Shawn Belle Jonathan Girard 40 1 2 2
Penalty Kill - 3 Players Forward
Forward Time % Phy DF OF
1 Brandon Dubinsky 60 1 2 2
2 Boyd Gordon 40 1 2 2
Penalty Kill - 3 Players Defense
Defense Defense Time % Phy DF OF
1 Wes O'Neill Mattias Ohlund 60 1 2 2
2 Shawn Belle Jonathan Girard 40 1 2 2
4 vs 4 Forward
Center Wing Time % Phy DF OF
1 Brandon Dubinsky Phil Kessel 60 1 2 2
2 Boyd Gordon John Zeiler 40 1 2 2
4 vs 4 Defense
Defense Defense Time % Phy DF OF
1 Wes O'Neill Mattias Ohlund 60 1 2 2
2 Shawn Belle Jonathan Girard 40 1 2 2
Last Minutes Offensive
Center Left Wing Right Wing Defense Defense
Brandon Dubinsky Denis Hamel John Zeiler Wes O'Neill Mattias Ohlund
Last Minutes Defensive
Center Left Wing Right Wing Defense Defense
Brandon Dubinsky Denis Hamel John Zeiler Wes O'Neill Mattias Ohlund
Goaltenders
Starting : Semyon Varlamov
Backup : Mike Brodeur
Extra Forwards
Normal : Kyle Okposo, Nick Johnson, Brandon Dubinsky - PP : Kyle Okposo, Nick Johnson - PK : Brett Sutter
Extra Defensemen
Normal : Brendon Nash, Casey Borer, Shawn Belle - PP : Brendon Nash - PK : Casey Borer, Shawn Belle
Penalty Shots
Brandon Dubinsky, Boyd Gordon, Denis Hamel, John Zeiler, Phil Kessel
% Time on Ice - Icehogs
Lines # - Real PCT - Wanted PCT - Time Play
Normal Forward
1 - 35% - 40% - 14:35
2 - 32% - 30% - 13:32
3 - 21% - 20% - 9:01
4 - 12% - 10% - 5:01
Normal Defense
1 - 41% - 40% - 17:23
2 - 36% - 30% - 15:14
3 - 22% - 20% - 9:04
4 - 1% - 10% - 0:28
PP Forward
1 - 56% - 60% - 2:13
2 - 44% - 40% - 1:45
PP Defense
1 - 51% - 60% - 2:01
2 - 49% - 40% - 1:57
PK Forward
1 - 70% - 60% - 5:34
2 - 30% - 40% - 2:22
PK Defense
1 - 57% - 60% - 4:30
2 - 43% - 40% - 3:26
PK3 Forward
1 - 0% - 60%
2 - 0% - 40%
PK3 Defense
1 - 0% - 60%
2 - 0% - 40%
44 Forward
1 - 81% - 60% - 4:48
2 - 19% - 40% - 1:09
44 Defense
1 - 61% - 60% - 3:39
2 - 39% - 40% - 2:18
Last Minute Offensive - 0:00
Last Minute Defensive - 0:00
Total
Forward - 60:00
Defense - 60:00
|
% Time on Ice - Atomiques
Lines # - Real PCT - Wanted PCT - Time Play
Normal Forward
1 - 33% - 40% - 14:01
2 - 28% - 30% - 11:49
3 - 23% - 20% - 9:41
4 - 16% - 10% - 6:38
Normal Defense
1 - 43% - 40% - 18:01
2 - 35% - 30% - 14:35
3 - 21% - 20% - 9:02
4 - 1% - 10% - 0:31
PP Forward
1 - 55% - 60% - 4:21
2 - 45% - 40% - 3:35
PP Defense
1 - 63% - 60% - 4:59
2 - 37% - 40% - 2:57
PK Forward
1 - 87% - 60% - 3:26
2 - 13% - 40% - 0:32
PK Defense
1 - 60% - 60% - 2:23
2 - 40% - 40% - 1:35
PK3 Forward
1 - 0% - 60%
2 - 0% - 40%
PK3 Defense
1 - 0% - 60%
2 - 0% - 40%
44 Forward
1 - 78% - 60% - 4:39
2 - 22% - 40% - 1:18
44 Defense
1 - 69% - 60% - 4:08
2 - 31% - 40% - 1:49
Last Minute Offensive - 0:00
Last Minute Defensive - 0:00
Total
Forward - 60:00
Defense - 60:00
|
Play by Play
1st period
0:01 of 1st period - Patrik Berglund wins face-off versus Brandon Dubinsky in neutral zone.
0:26 of 1st period - Barry Tallackson is hit by Pat Rissmiller.
0:30 of 1st period - Snap shot by Ville Nieminen.
0:30 of 1st period - Stopped by Semyon Varlamov without a rebound.
0:31 of 1st period - Chris Mueller wins face-off versus Kyle Okposo in Atomiques zone.
0:34 of 1st period - Backhand shot by Travis Moen.
0:34 of 1st period - Stopped by Semyon Varlamov with a rebound.
0:36 of 1st period - Slapshot by Mark Popovic.
0:36 of 1st period - Deflect By Chris Mueller.
0:36 of 1st period - Goal by Chris Mueller - Icehogs : 1 - Atomiques : 0.
0:37 of 1st period - John Zeiler wins face-off versus Joakim Andersson in neutral zone.
0:46 of 1st period - Wrist shot by Brett Sutter.
0:46 of 1st period - Stopped by José Theodore with a rebound.
0:48 of 1st period - Slapshot by Brendon Nash.
0:48 of 1st period - Shot Misses the Net.
0:50 of 1st period - Snap shot by Casey Borer.
0:50 of 1st period - Shot Misses the Net.
0:52 of 1st period - Slapshot by Brendon Nash.
0:52 of 1st period - Stopped by José Theodore without a rebound.
0:53 of 1st period - Kyle Turris wins face-off versus Josh Hennessy in Icehogs zone.
1:02 of 1st period - Slapshot by Jonathan Girard.
1:02 of 1st period - Deflect By Nick Johnson.
1:02 of 1st period - Shot Blocked by Matt Hunwick.
1:02 of 1st period - Puck is out of play.
1:03 of 1st period - Josh Hennessy wins face-off versus Kyle Turris in Icehogs zone.
1:26 of 1st period - Snap shot by Nick Johnson.
1:26 of 1st period - Stopped by José Theodore with a rebound.
1:28 of 1st period - Snap shot by Nick Johnson.
1:28 of 1st period - Goal by Nick Johnson - Icehogs : 1 - Atomiques : 1.
1:29 of 1st period - Patrik Berglund wins face-off versus Brandon Dubinsky in neutral zone.
1:36 of 1st period - Slapshot by Jaroslav Spacek.
1:36 of 1st period - Stopped by Semyon Varlamov with a rebound.
1:54 of 1st period - Backhand shot by Dylan Hunter.
1:54 of 1st period - Stopped by Semyon Varlamov without a rebound.
1:55 of 1st period - Joakim Andersson wins face-off versus Kyle Okposo in Atomiques zone.
2:20 of 1st period - Chris Mueller is hit by John Zeiler and loses puck.
2:41 of 1st period - Wrist shot by Phil Kessel.
2:41 of 1st period - Shot Blocked by Ryan Parent.
2:43 of 1st period - Slapshot by Denis Hamel.
2:43 of 1st period - Goal by Denis Hamel - Icehogs : 1 - Atomiques : 2.
2:44 of 1st period - Patrik Berglund wins face-off versus Boyd Gordon in neutral zone.
2:59 of 1st period - Snap shot by Niklas Hagman.
2:59 of 1st period - Stopped by Semyon Varlamov with a rebound.
3:09 of 1st period - Wes O'Neill is hit by Josh Hennessy.
3:23 of 1st period - Slapshot by Pat Rissmiller.
3:23 of 1st period - Shot Misses the Net.
3:25 of 1st period - Wrist shot by Boyd Gordon.
3:25 of 1st period - Shot Misses the Net.
3:27 of 1st period - Wrist shot by Shawn Belle.
3:27 of 1st period - Stopped by José Theodore without a rebound.
3:28 of 1st period - Brandon Dubinsky wins face-off versus Patrik Berglund in Icehogs zone.
3:31 of 1st period - Slapshot by Phil Kessel.
3:31 of 1st period - Shot Blocked by Matt Hunwick.
3:33 of 1st period - Slapshot by Mattias Ohlund.
3:33 of 1st period - Shot Blocked by Matt Hunwick.
3:35 of 1st period - Backhand shot by Phil Kessel.
3:35 of 1st period - Stopped by José Theodore without a rebound.
3:36 of 1st period - Brandon Dubinsky wins face-off versus B.J. Crombeen in Icehogs zone.
3:36 of 1st period - Minor Penalty to Matt Hunwick for Interference.
3:37 of 1st period - Brandon Dubinsky wins face-off versus B.J. Crombeen in Icehogs zone.
3:44 of 1st period - Wrist shot by Phil Kessel.
3:44 of 1st period - Deflect By Brandon Dubinsky.
3:44 of 1st period - Shot Blocked by Jaroslav Spacek.
3:44 of 1st period - Puck is out of play.
3:45 of 1st period - Brandon Dubinsky wins face-off versus B.J. Crombeen in Icehogs zone.
3:46 of 1st period - Snap shot by Denis Hamel.
3:46 of 1st period - Shot Misses the Net.
3:48 of 1st period - Slapshot by Wes O'Neill.
3:48 of 1st period - Shot Blocked by Jaroslav Spacek.
3:50 of 1st period - Wrist shot by Brandon Dubinsky.
3:50 of 1st period - Shot Misses the Net.
3:52 of 1st period - Snap shot by Mattias Ohlund.
3:52 of 1st period - Stopped by José Theodore without a rebound.
3:53 of 1st period - Brandon Dubinsky wins face-off versus B.J. Crombeen in Icehogs zone.
4:27 of 1st period - Snap shot by Kyle Okposo.
4:27 of 1st period - Shot Misses the Net.
5:36 of 1st period - Penalty to Matt Hunwick is over, Matt Hunwick is back on ice.
5:53 of 1st period - Jonathan Girard is hit by Chris Mueller and loses puck.
6:16 of 1st period - Off-side.
6:17 of 1st period - Josh Hennessy wins face-off versus Kyle Turris in neutral zone.
6:20 of 1st period - Casey Borer is hit by Barry Tallackson and loses puck.
6:27 of 1st period - Snap shot by Barry Tallackson.
6:27 of 1st period - Shot Misses the Net.
6:29 of 1st period - Slapshot by Mark Popovic.
6:29 of 1st period - Shot Blocked by Casey Borer.
6:39 of 1st period - Wrist shot by Dylan Hunter.
6:39 of 1st period - Shot Misses the Net.
6:41 of 1st period - Snap shot by Logan Stephenson.
6:41 of 1st period - Stopped by Semyon Varlamov without a rebound.
6:42 of 1st period - Joakim Andersson wins face-off versus Denis Hamel in Atomiques zone.
6:55 of 1st period - Wrist shot by Dylan Hunter.
6:55 of 1st period - Stopped by Semyon Varlamov with a rebound.
7:09 of 1st period - B.J. Crombeen is hit by Kyle Okposo and loses puck.
7:40 of 1st period - Minor Penalty to Ville Nieminen for Slashing.
7:41 of 1st period - B.J. Crombeen wins face-off versus Brandon Dubinsky in Icehogs zone.
7:41 of 1st period - B.J. Crombeen is hit by Wes O'Neill.
8:35 of 1st period - Mark Popovic is hit by Shawn Belle and loses puck.
9:40 of 1st period - Penalty to Ville Nieminen is over, Ville Nieminen is back on ice.
10:28 of 1st period - Patrik Berglund is hit by Brendon Nash and loses puck.
10:39 of 1st period - Denis Hamel is hit by Chris Mueller and loses puck.
11:08 of 1st period - Snap shot by Barry Tallackson.
11:08 of 1st period - Shot Misses the Net.
11:10 of 1st period - Wrist shot by Barry Tallackson.
11:10 of 1st period - Stopped by Semyon Varlamov without a rebound.
11:11 of 1st period - Josh Hennessy wins face-off versus Boyd Gordon in Atomiques zone.
11:12 of 1st period - Wrist shot by Ville Nieminen.
11:12 of 1st period - Stopped by Semyon Varlamov without a rebound.
11:13 of 1st period - Boyd Gordon wins face-off versus Josh Hennessy in Atomiques zone.
11:20 of 1st period - Snap shot by Boyd Gordon.
11:20 of 1st period - Deflect By Pat Rissmiller.
11:20 of 1st period - Shot Misses the Net.
11:20 of 1st period - Puck is out of play.
11:21 of 1st period - Boyd Gordon wins face-off versus Patrik Berglund in Icehogs zone.
11:22 of 1st period - Snap shot by Pat Rissmiller.
11:22 of 1st period - Deflect By Jaroslav Spacek.
11:22 of 1st period - Shot Misses the Net.
11:22 of 1st period - Puck is out of play.
11:23 of 1st period - Patrik Berglund wins face-off versus Phil Kessel in Icehogs zone.
11:39 of 1st period - Minor Penalty to B.J. Crombeen for Holding.
11:40 of 1st period - Brandon Dubinsky wins face-off versus Dylan Hunter in Icehogs zone.
11:55 of 1st period - Ryan Parent is hit by Denis Hamel and loses puck.
12:06 of 1st period - Dylan Hunter is hit by Pat Rissmiller and loses puck.
12:19 of 1st period - Barry Tallackson is hit by Kyle Okposo and loses puck.
13:39 of 1st period - Penalty to B.J. Crombeen is over, B.J. Crombeen is back on ice.
13:56 of 1st period - Snap shot by Kyle Turris.
13:56 of 1st period - Stopped by José Theodore with a rebound.
15:02 of 1st period - Icing by Niklas Hagman.
15:03 of 1st period - Brandon Dubinsky wins face-off versus Patrik Berglund in Icehogs zone.
15:06 of 1st period - Snap shot by Mattias Ohlund.
15:06 of 1st period - Stopped by José Theodore with a rebound.
15:12 of 1st period - Slapshot by Niklas Hagman.
15:12 of 1st period - Shot Blocked by Wes O'Neill.
15:14 of 1st period - Wrist shot by B.J. Crombeen.
15:14 of 1st period - Shot Misses the Net.
16:05 of 1st period - Wrist shot by Nick Johnson.
16:05 of 1st period - Stopped by José Theodore with a rebound.
16:07 of 1st period - Slapshot by Jonathan Girard.
16:07 of 1st period - Shot Misses the Net.
16:11 of 1st period - Wrist shot by Nick Johnson.
16:11 of 1st period - Deflect By Kyle Turris.
16:11 of 1st period - Stopped by José Theodore without a rebound.
16:12 of 1st period - Josh Hennessy wins face-off versus Brandon Dubinsky in Icehogs zone.
16:49 of 1st period - Snap shot by Niklas Hagman.
16:49 of 1st period - Stopped by Semyon Varlamov without a rebound.
16:50 of 1st period - Brett Sutter wins face-off versus Patrik Berglund in Atomiques zone.
17:05 of 1st period - Slapshot by Jaroslav Spacek.
17:05 of 1st period - Stopped by Semyon Varlamov with a rebound.
17:20 of 1st period - Ryan Parent is hit by Kenndal McArdle and loses puck.
17:51 of 1st period - Wrist shot by Brett Sutter.
17:51 of 1st period - Stopped by José Theodore with a rebound.
17:57 of 1st period - Snap shot by John Zeiler.
17:57 of 1st period - Shot Blocked by Ryan Parent.
18:04 of 1st period - Slapshot by Mattias Ohlund.
18:04 of 1st period - Deflect By Kenndal McArdle.
18:04 of 1st period - Stopped by José Theodore without a rebound.
18:05 of 1st period - Josh Hennessy wins face-off versus Brandon Dubinsky in Icehogs zone.
18:14 of 1st period - Snap shot by Phil Kessel.
18:14 of 1st period - Shot Misses the Net.
18:16 of 1st period - Slapshot by Shawn Belle.
18:16 of 1st period - Shot Blocked by Mark Popovic.
19:16 of 1st period - Snap shot by Denis Hamel.
19:16 of 1st period - Stopped by José Theodore without a rebound.
19:17 of 1st period - Brandon Dubinsky wins face-off versus Chris Mueller in Icehogs zone.
19:38 of 1st period - Mark Popovic is hit by Phil Kessel.
19:54 of 1st period - Snap shot by Barry Tallackson.
19:54 of 1st period - Goal by Barry Tallackson - Icehogs : 2 - Atomiques : 2.
19:55 of 1st period - Brandon Dubinsky wins face-off versus Patrik Berglund in neutral zone.
2nd period
0:01 of 2nd period - Brandon Dubinsky wins face-off versus Patrik Berglund in neutral zone.
0:15 of 2nd period - Slapshot by Brandon Dubinsky.
0:15 of 2nd period - Shot Misses the Net.
0:32 of 2nd period - Slapshot by Boyd Gordon.
0:32 of 2nd period - Deflect By Pat Rissmiller.
0:32 of 2nd period - Shot Misses the Net.
0:32 of 2nd period - Puck is out of play.
0:33 of 2nd period - Boyd Gordon wins face-off versus Josh Hennessy in Icehogs zone.
0:40 of 2nd period - Snap shot by Boyd Gordon.
0:40 of 2nd period - Shot Misses the Net.
0:42 of 2nd period - Snap shot by Boyd Gordon.
0:42 of 2nd period - Goal by Boyd Gordon - Icehogs : 2 - Atomiques : 3.
0:43 of 2nd period - Brandon Dubinsky wins face-off versus B.J. Crombeen in neutral zone.
1:10 of 2nd period - Jaroslav Spacek is hit by Boyd Gordon and loses puck.
1:17 of 2nd period - Snap shot by Boyd Gordon.
1:17 of 2nd period - Stopped by José Theodore without a rebound.
1:18 of 2nd period - Josh Hennessy wins face-off versus Boyd Gordon in Icehogs zone.
1:18 of 2nd period - Josh Hennessy is hit by Pat Rissmiller.
1:26 of 2nd period - Josh Hennessy is hit by Kyle Okposo and loses puck.
1:45 of 2nd period - Phil Kessel is hit by B.J. Crombeen and loses puck.
1:50 of 2nd period - Wrist shot by B.J. Crombeen.
1:50 of 2nd period - Stopped by Semyon Varlamov with a rebound.
1:52 of 2nd period - Wrist shot by B.J. Crombeen.
1:52 of 2nd period - Stopped by Semyon Varlamov with a rebound.
1:54 of 2nd period - Wrist shot by Patrik Berglund.
1:54 of 2nd period - Goal by Patrik Berglund - Icehogs : 3 - Atomiques : 3.
1:55 of 2nd period - Patrik Berglund wins face-off versus Brandon Dubinsky in neutral zone.
2:54 of 2nd period - Backhand shot by Ryan Shannon.
2:54 of 2nd period - Stopped by Semyon Varlamov without a rebound.
2:55 of 2nd period - Brandon Dubinsky wins face-off versus Patrik Berglund in Atomiques zone.
2:55 of 2nd period - Brandon Dubinsky is hit by B.J. Crombeen.
3:11 of 2nd period - Niklas Hagman is hit by Mattias Ohlund and loses puck.
3:42 of 2nd period - Wrist shot by Patrik Berglund.
3:42 of 2nd period - Deflect By B.J. Crombeen.
3:42 of 2nd period - Shot Blocked by Mattias Ohlund.
3:42 of 2nd period - Puck is out of play.
3:43 of 2nd period - Josh Hennessy wins face-off versus Boyd Gordon in Atomiques zone.
4:08 of 2nd period - Jaroslav Spacek is hit by Shawn Belle and loses puck.
4:16 of 2nd period - Icing by Jaroslav Spacek.
4:17 of 2nd period - Chris Mueller wins face-off versus Brandon Dubinsky in Icehogs zone.
4:24 of 2nd period - Slapshot by Ryan Parent.
4:24 of 2nd period - Shot Misses the Net.
4:26 of 2nd period - Wrist shot by Chris Mueller.
4:26 of 2nd period - Stopped by Semyon Varlamov with a rebound.
4:28 of 2nd period - Snap shot by Travis Moen.
4:28 of 2nd period - Stopped by Semyon Varlamov without a rebound.
4:29 of 2nd period - Brandon Dubinsky wins face-off versus Patrik Berglund in Atomiques zone.
5:06 of 2nd period - Wrist shot by Pat Rissmiller.
5:06 of 2nd period - Goal by Pat Rissmiller - Icehogs : 3 - Atomiques : 4.
5:07 of 2nd period - Patrik Berglund wins face-off versus Brandon Dubinsky in neutral zone.
5:11 of 2nd period - Minor Penalty to Niklas Hagman for Boarding.
5:12 of 2nd period - Brandon Dubinsky wins face-off versus B.J. Crombeen in Icehogs zone.
5:23 of 2nd period - Snap shot by B.J. Crombeen.
5:23 of 2nd period - Stopped by Semyon Varlamov with a rebound.
6:50 of 2nd period - Mattias Ohlund is hit by Ryan Parent and loses puck.
7:11 of 2nd period - Penalty to Niklas Hagman is over, Niklas Hagman is back on ice.
7:37 of 2nd period - Slapshot by Mattias Ohlund.
7:37 of 2nd period - Stopped by José Theodore without a rebound.
7:38 of 2nd period - Josh Hennessy wins face-off versus Kyle Turris in Icehogs zone.
8:17 of 2nd period - Icing by Kenndal McArdle.
8:18 of 2nd period - Joakim Andersson wins face-off versus Brett Sutter in Atomiques zone.
8:19 of 2nd period - Slapshot by Jaroslav Spacek.
8:19 of 2nd period - Deflect By Casey Borer.
8:19 of 2nd period - Stopped by Semyon Varlamov with a rebound.
8:21 of 2nd period - Wrist shot by Ryan Parent.
8:21 of 2nd period - Stopped by Semyon Varlamov without a rebound.
8:22 of 2nd period - Joakim Andersson wins face-off versus Brandon Dubinsky in Atomiques zone.
8:31 of 2nd period - Snap shot by Phil Kessel.
8:31 of 2nd period - Shot Misses the Net.
8:47 of 2nd period - Boyd Gordon is hit by Jaroslav Spacek and loses puck.
9:10 of 2nd period - Slapshot by Mattias Ohlund.
9:10 of 2nd period - Stopped by José Theodore without a rebound.
9:11 of 2nd period - Josh Hennessy wins face-off versus Brett Sutter in Icehogs zone.
9:14 of 2nd period - Wrist shot by John Zeiler.
9:14 of 2nd period - Shot Blocked by Ryan Parent.
9:43 of 2nd period - Minor Penalty to Jonathan Girard for Tripping.
9:44 of 2nd period - Brandon Dubinsky wins face-off versus Niklas Hagman in Atomiques zone.
10:22 of 2nd period - Snap shot by Jaroslav Spacek.
10:22 of 2nd period - Stopped by Semyon Varlamov with a rebound.
11:43 of 2nd period - Penalty to Jonathan Girard is over, Jonathan Girard is back on ice.
12:56 of 2nd period - Icing by Josh Hennessy.
12:57 of 2nd period - Kyle Turris wins face-off versus Josh Hennessy in Icehogs zone.
13:02 of 2nd period - Slapshot by Jonathan Girard.
13:02 of 2nd period - Shot Blocked by Barry Tallackson.
13:04 of 2nd period - Slapshot by Shawn Belle.
13:04 of 2nd period - Stopped by José Theodore without a rebound.
13:05 of 2nd period - Patrik Berglund wins face-off versus Brandon Dubinsky in Icehogs zone.
13:05 of 2nd period - Patrik Berglund is hit by Brandon Dubinsky.
13:19 of 2nd period - Snap shot by B.J. Crombeen.
13:19 of 2nd period - Stopped by Semyon Varlamov with a rebound.
13:40 of 2nd period - Slapshot by Pat Rissmiller.
13:40 of 2nd period - Shot Blocked by Josh Hennessy.
14:00 of 2nd period - Snap shot by Ryan Shannon.
14:00 of 2nd period - Stopped by Semyon Varlamov without a rebound.
14:01 of 2nd period - Brett Sutter wins face-off versus Chris Mueller in Atomiques zone.
14:25 of 2nd period - Chris Mueller is hit by Kenndal McArdle and loses puck.
14:32 of 2nd period - Slapshot by Logan Stephenson.
14:32 of 2nd period - Shot Blocked by Shawn Belle.
14:49 of 2nd period - Wrist shot by John Zeiler.
14:49 of 2nd period - Shot Misses the Net.
14:53 of 2nd period - Snap shot by Kenndal McArdle.
14:53 of 2nd period - Stopped by José Theodore with a rebound.
14:55 of 2nd period - Wrist shot by Kenndal McArdle.
14:55 of 2nd period - Shot Misses the Net.
14:57 of 2nd period - Snap shot by John Zeiler.
14:57 of 2nd period - Goal by John Zeiler - Icehogs : 3 - Atomiques : 5.
14:57 of 2nd period - Maxime Ouellet enters game.
14:58 of 2nd period - Patrik Berglund wins face-off versus Brandon Dubinsky in neutral zone.
15:07 of 2nd period - Slapshot by Jaroslav Spacek.
15:07 of 2nd period - Stopped by Semyon Varlamov with a rebound.
15:23 of 2nd period - Ville Nieminen is hit by Wes O'Neill and loses puck.
15:44 of 2nd period - Snap shot by Boyd Gordon.
15:44 of 2nd period - Stopped by Maxime Ouellet with a rebound.
15:50 of 2nd period - Snap shot by Nick Johnson.
15:50 of 2nd period - Shot Blocked by Matt Hunwick.
15:52 of 2nd period - Snap shot by Nick Johnson.
15:52 of 2nd period - Goal by Nick Johnson - Icehogs : 3 - Atomiques : 6.
15:53 of 2nd period - Brandon Dubinsky wins face-off versus Patrik Berglund in neutral zone.
16:04 of 2nd period - Casey Borer is hit by Niklas Hagman and loses puck.
16:19 of 2nd period - Wrist shot by Barry Tallackson.
16:19 of 2nd period - Shot Misses the Net.
16:21 of 2nd period - Slapshot by Matt Hunwick.
16:21 of 2nd period - Shot Misses the Net.
16:23 of 2nd period - Snap shot by Ville Nieminen.
16:23 of 2nd period - Stopped by Semyon Varlamov without a rebound.
16:24 of 2nd period - Boyd Gordon wins face-off versus Josh Hennessy in Atomiques zone.
16:58 of 2nd period - Snap shot by Pat Rissmiller.
16:58 of 2nd period - Shot Misses the Net.
17:09 of 2nd period - Minor Penalty to Shawn Belle for High sticking.
17:09 of 2nd period - Minor Penalty to Ryan Parent for Hooking.
17:10 of 2nd period - Niklas Hagman wins face-off versus Brandon Dubinsky in Atomiques zone.
18:18 of 2nd period - Wrist shot by Travis Moen.
18:18 of 2nd period - Shot Misses the Net.
18:26 of 2nd period - Snap shot by Nick Johnson.
18:26 of 2nd period - Stopped by Maxime Ouellet without a rebound.
18:27 of 2nd period - B.J. Crombeen wins face-off versus Brandon Dubinsky in Icehogs zone.
18:46 of 2nd period - Phil Kessel is hit by Niklas Hagman and loses puck.
19:03 of 2nd period - Wrist shot by John Zeiler.
19:03 of 2nd period - Deflect By Boyd Gordon.
19:03 of 2nd period - Stopped by Maxime Ouellet with a rebound.
19:09 of 2nd period - Penalty to Shawn Belle is over, Shawn Belle is back on ice.
19:09 of 2nd period - Penalty to Ryan Parent is over, Ryan Parent is back on ice.
19:21 of 2nd period - Wrist shot by Ville Nieminen.
19:21 of 2nd period - Stopped by Semyon Varlamov with a rebound.
19:33 of 2nd period - Snap shot by Shawn Belle.
19:33 of 2nd period - Stopped by Maxime Ouellet with a rebound.
19:35 of 2nd period - Slapshot by John Zeiler.
19:35 of 2nd period - Stopped by Maxime Ouellet without a rebound.
19:36 of 2nd period - Kyle Turris wins face-off versus Chris Mueller in Icehogs zone.
19:37 of 2nd period - Slapshot by Brendon Nash.
19:37 of 2nd period - Stopped by Maxime Ouellet with a rebound.
19:39 of 2nd period - Slapshot by Casey Borer.
19:39 of 2nd period - Deflect By Nick Johnson.
19:39 of 2nd period - Shot Blocked by Matt Hunwick.
19:39 of 2nd period - Puck is out of play.
19:40 of 2nd period - Kyle Turris wins face-off versus Chris Mueller in Icehogs zone.
19:47 of 2nd period - Slapshot by Mark Popovic.
19:47 of 2nd period - Shot Misses the Net.
3rd period
0:01 of 3rd period - Brandon Dubinsky wins face-off versus Patrik Berglund in neutral zone.
0:07 of 3rd period - Off-side.
0:08 of 3rd period - Phil Kessel wins face-off versus Patrik Berglund in neutral zone.
0:16 of 3rd period - Minor Penalty to Phil Kessel for Hooking.
0:17 of 3rd period - Josh Hennessy wins face-off versus Brandon Dubinsky in Atomiques zone.
0:51 of 3rd period - Shawn Belle is hit by Ryan Parent and loses puck.
2:16 of 3rd period - Penalty to Phil Kessel is over, Phil Kessel is back on ice.
2:42 of 3rd period - Pat Rissmiller is hit by Joakim Andersson and loses puck.
3:12 of 3rd period - Kyle Okposo is hit by Ryan Parent and loses puck.
3:47 of 3rd period - Icing by Shawn Belle.
3:48 of 3rd period - Brandon Dubinsky wins face-off versus Josh Hennessy in Atomiques zone.
3:55 of 3rd period - Barry Tallackson is hit by Phil Kessel and loses puck.
4:06 of 3rd period - Josh Hennessy is hit by Shawn Belle and loses puck.
4:37 of 3rd period - Wrist shot by Ville Nieminen.
4:37 of 3rd period - Stopped by Semyon Varlamov with a rebound.
4:53 of 3rd period - Wrist shot by Ville Nieminen.
4:53 of 3rd period - Stopped by Semyon Varlamov without a rebound.
4:54 of 3rd period - Kyle Turris wins face-off versus Patrik Berglund in Atomiques zone.
5:12 of 3rd period - Ryan Parent is hit by Wes O'Neill and loses puck.
5:29 of 3rd period - Wrist shot by Brandon Dubinsky.
5:29 of 3rd period - Stopped by Maxime Ouellet with a rebound.
5:43 of 3rd period - Snap shot by Ryan Parent.
5:43 of 3rd period - Stopped by Semyon Varlamov without a rebound.
5:44 of 3rd period - Joakim Andersson wins face-off versus Boyd Gordon in Atomiques zone.
5:57 of 3rd period - Wrist shot by Pat Rissmiller.
5:57 of 3rd period - Shot Misses the Net.
5:58 of 3rd period - Minor Penalty to Boyd Gordon for Roughing.
5:58 of 3rd period - Minor Penalty to Dylan Hunter for Holding.
5:59 of 3rd period - B.J. Crombeen wins face-off versus Brandon Dubinsky in Icehogs zone.
6:04 of 3rd period - Wes O'Neill is hit by B.J. Crombeen and loses puck.
6:13 of 3rd period - Wrist shot by Niklas Hagman.
6:13 of 3rd period - Shot Blocked by Wes O'Neill.
6:15 of 3rd period - Wrist shot by Niklas Hagman.
6:15 of 3rd period - Shot Misses the Net.
6:37 of 3rd period - Slapshot by Mattias Ohlund.
6:37 of 3rd period - Stopped by Maxime Ouellet without a rebound.
6:38 of 3rd period - Kyle Okposo wins face-off versus Ville Nieminen in Icehogs zone.
7:26 of 3rd period - Icing by Brandon Dubinsky.
7:27 of 3rd period - Kyle Okposo wins face-off versus B.J. Crombeen in Atomiques zone.
7:42 of 3rd period - Snap shot by John Zeiler.
7:42 of 3rd period - Goal by John Zeiler - Icehogs : 3 - Atomiques : 7.
7:43 of 3rd period - B.J. Crombeen wins face-off versus Brandon Dubinsky in neutral zone.
7:46 of 3rd period - Slapshot by Ryan Parent.
7:46 of 3rd period - Stopped by Semyon Varlamov with a rebound.
7:48 of 3rd period - Snap shot by Jaroslav Spacek.
7:48 of 3rd period - Shot Misses the Net.
7:50 of 3rd period - Slapshot by Ryan Parent.
7:50 of 3rd period - Shot Misses the Net.
7:58 of 3rd period - Penalty to Boyd Gordon is over, Boyd Gordon is back on ice.
7:58 of 3rd period - Penalty to Dylan Hunter is over, Dylan Hunter is back on ice.
8:00 of 3rd period - Snap shot by Niklas Hagman.
8:00 of 3rd period - Stopped by Semyon Varlamov with a rebound.
8:14 of 3rd period - Snap shot by B.J. Crombeen.
8:14 of 3rd period - Shot Misses the Net.
8:16 of 3rd period - Snap shot by Jaroslav Spacek.
8:16 of 3rd period - Deflect By Mattias Ohlund.
8:16 of 3rd period - Stopped by Semyon Varlamov with a rebound.
8:28 of 3rd period - Wrist shot by Niklas Hagman.
8:28 of 3rd period - Deflect By Dylan Hunter.
8:28 of 3rd period - Stopped by Semyon Varlamov without a rebound.
8:29 of 3rd period - Brett Sutter wins face-off versus Josh Hennessy in Atomiques zone.
8:34 of 3rd period - Wrist shot by Josh Hennessy.
8:34 of 3rd period - Shot Misses the Net.
8:58 of 3rd period - Slapshot by Shawn Belle.
8:58 of 3rd period - Deflect By Kyle Turris.
8:58 of 3rd period - Stopped by Maxime Ouellet with a rebound.
9:00 of 3rd period - Snap shot by Carl Hagelin.
9:00 of 3rd period - Goal by Carl Hagelin - Icehogs : 3 - Atomiques : 8.
9:01 of 3rd period - Brandon Dubinsky wins face-off versus Patrik Berglund in neutral zone.
9:01 of 3rd period - Minor Penalty to Phil Kessel for High sticking.
9:01 of 3rd period - Minor Penalty to Niklas Hagman for Holding.
9:02 of 3rd period - B.J. Crombeen wins face-off versus Brandon Dubinsky in neutral zone.
9:13 of 3rd period - Snap shot by Ryan Shannon.
9:13 of 3rd period - Stopped by Semyon Varlamov without a rebound.
9:14 of 3rd period - Brandon Dubinsky wins face-off versus B.J. Crombeen in Atomiques zone.
9:56 of 3rd period - Wrist shot by Dylan Hunter.
9:56 of 3rd period - Shot Blocked by Jonathan Girard.
11:00 of 3rd period - Josh Hennessy is hit by Shawn Belle and loses puck.
11:01 of 3rd period - Penalty to Phil Kessel is over, Phil Kessel is back on ice.
11:01 of 3rd period - Penalty to Niklas Hagman is over, Niklas Hagman is back on ice.
11:07 of 3rd period - Snap shot by Phil Kessel.
11:07 of 3rd period - Stopped by Maxime Ouellet without a rebound.
11:08 of 3rd period - Brett Sutter wins face-off versus Josh Hennessy in Icehogs zone.
11:34 of 3rd period - Snap shot by Kyle Okposo.
11:34 of 3rd period - Shot Misses the Net.
11:36 of 3rd period - Slapshot by Casey Borer.
11:36 of 3rd period - Deflect By B.J. Crombeen.
11:36 of 3rd period - Stopped by Maxime Ouellet without a rebound.
11:37 of 3rd period - Brandon Dubinsky wins face-off versus Chris Mueller in Icehogs zone.
11:40 of 3rd period - Snap shot by Brandon Dubinsky.
11:40 of 3rd period - Shot Blocked by Jaroslav Spacek.
11:43 of 3rd period - Icing by Chris Mueller.
11:44 of 3rd period - Chris Mueller wins face-off versus Brandon Dubinsky in Icehogs zone.
12:13 of 3rd period - Snap shot by Denis Hamel.
12:13 of 3rd period - Deflect By Phil Kessel.
12:13 of 3rd period - Stopped by Maxime Ouellet with a rebound.
12:47 of 3rd period - Snap shot by Phil Kessel.
12:47 of 3rd period - Shot Misses the Net.
12:49 of 3rd period - Wrist shot by Wes O'Neill.
12:49 of 3rd period - Stopped by Maxime Ouellet with a rebound.
12:51 of 3rd period - Slapshot by Brandon Dubinsky.
12:51 of 3rd period - Shot Misses the Net.
13:09 of 3rd period - Snap shot by Denis Hamel.
13:09 of 3rd period - Stopped by Maxime Ouellet with a rebound.
13:11 of 3rd period - Snap shot by Denis Hamel.
13:11 of 3rd period - Stopped by Maxime Ouellet with a rebound.
13:13 of 3rd period - Snap shot by Brandon Dubinsky.
13:13 of 3rd period - Shot Misses the Net.
13:15 of 3rd period - Slapshot by Mattias Ohlund.
13:15 of 3rd period - Stopped by Maxime Ouellet with a rebound.
13:17 of 3rd period - Slapshot by Mattias Ohlund.
13:17 of 3rd period - Deflect By Denis Hamel.
13:17 of 3rd period - Shot Blocked by Ryan Parent.
13:17 of 3rd period - Puck is out of play.
13:18 of 3rd period - Boyd Gordon wins face-off versus Patrik Berglund in Icehogs zone.
13:19 of 3rd period - Wrist shot by Pat Rissmiller.
13:19 of 3rd period - Stopped by Maxime Ouellet with a rebound.
13:21 of 3rd period - Backhand shot by Boyd Gordon.
13:21 of 3rd period - Stopped by Maxime Ouellet without a rebound.
13:22 of 3rd period - Boyd Gordon wins face-off versus Patrik Berglund in Icehogs zone.
13:37 of 3rd period - Wrist shot by B.J. Crombeen.
13:37 of 3rd period - Stopped by Semyon Varlamov with a rebound.
13:53 of 3rd period - Snap shot by Ryan Shannon.
13:53 of 3rd period - Stopped by Semyon Varlamov without a rebound.
13:54 of 3rd period - Travis Moen wins face-off versus Brett Sutter in Atomiques zone.
14:01 of 3rd period - Snap shot by Travis Moen.
14:01 of 3rd period - Shot Misses the Net.
14:03 of 3rd period - Snap shot by Ryan Shannon.
14:03 of 3rd period - Shot Misses the Net.
14:19 of 3rd period - Milan Jurcina is hit by Kyle Okposo and loses puck.
16:23 of 3rd period - Slapshot by Ryan Parent.
16:23 of 3rd period - Shot Blocked by Casey Borer.
16:37 of 3rd period - Ryan Shannon is hit by Kyle Okposo and loses puck.
16:59 of 3rd period - Phil Kessel is hit by Dylan Hunter and loses puck.
17:36 of 3rd period - Niklas Hagman is hit by Nick Johnson and loses puck.
17:47 of 3rd period - Mark Popovic is hit by Kenndal McArdle and loses puck.
17:56 of 3rd period - Snap shot by John Zeiler.
17:56 of 3rd period - Shot Blocked by Matt Hunwick.
18:14 of 3rd period - Slapshot by Barry Tallackson.
18:14 of 3rd period - Shot Misses the Net.
18:16 of 3rd period - Slapshot by Matt Hunwick.
18:16 of 3rd period - Deflect By Barry Tallackson.
18:16 of 3rd period - Shot Misses the Net.
18:16 of 3rd period - Puck is out of play.
18:17 of 3rd period - Josh Hennessy wins face-off versus Brandon Dubinsky in Atomiques zone.
18:22 of 3rd period - Wrist shot by Barry Tallackson.
18:22 of 3rd period - Deflect By Ville Nieminen.
18:22 of 3rd period - Stopped by Semyon Varlamov without a rebound.
18:23 of 3rd period - Josh Hennessy wins face-off versus Brandon Dubinsky in Atomiques zone.
18:36 of 3rd period - Snap shot by Phil Kessel.
18:36 of 3rd period - Deflect By Denis Hamel.
18:36 of 3rd period - Stopped by Maxime Ouellet without a rebound.
18:37 of 3rd period - Patrik Berglund wins face-off versus Brandon Dubinsky in Icehogs zone.
18:46 of 3rd period - Slapshot by Ryan Parent.
18:46 of 3rd period - Deflect By Patrik Berglund.
18:46 of 3rd period - Stopped by Semyon Varlamov with a rebound.
18:48 of 3rd period - Slapshot by Jaroslav Spacek.
18:48 of 3rd period - Stopped by Semyon Varlamov with a rebound.
18:50 of 3rd period - Snap shot by B.J. Crombeen.
18:50 of 3rd period - Stopped by Semyon Varlamov with a rebound.
18:52 of 3rd period - Wrist shot by Niklas Hagman.
18:52 of 3rd period - Shot Misses the Net.
19:13 of 3rd period - Snap shot by Pat Rissmiller.
19:13 of 3rd period - Stopped by Maxime Ouellet without a rebound.
19:14 of 3rd period - Brandon Dubinsky wins face-off versus Patrik Berglund in Icehogs zone.
19:15 of 3rd period - Slapshot by Denis Hamel.
19:15 of 3rd period - Shot Blocked by Patrik Berglund.
19:17 of 3rd period - Backhand shot by Phil Kessel.
19:17 of 3rd period - Stopped by Maxime Ouellet with a rebound.
19:21 of 3rd period - Wrist shot by Phil Kessel.
19:21 of 3rd period - Shot Misses the Net.
19:23 of 3rd period - Wrist shot by Phil Kessel.
19:23 of 3rd period - Shot Misses the Net.
19:25 of 3rd period - Slapshot by Jonathan Girard.
19:25 of 3rd period - Deflect By Matt Hunwick.
19:25 of 3rd period - Stopped by Maxime Ouellet with a rebound.
19:27 of 3rd period - Slapshot by Brandon Dubinsky.
19:27 of 3rd period - Shot Blocked by Matt Hunwick.
19:41 of 3rd period - Mark Popovic is hit by Boyd Gordon and loses puck.
Output by the SimonT Hockey Simulator (STHS) for François Prévost -- Original Page W3C XHTML 1.0 Valid